 Dungeon Crawl Stone Soup version 0.26-a0-708-g17f3b190f9 (webtiles) character file.

Game seed: 15027077285678585661

1196 jiml777 the Magician (level 8, 0/41 HPs)
             Began as a Deep Elf Air Elementalist on Oct 29, 2020.
             Slain by a wight
             ... wielding a cursed +0 great sword
              (5 damage)
             ... on level 7 of the Dungeon.
             The game lasted 00:46:37 (6228 turns).

jiml777 the Magician (Deep Elf Air Elementalist)    Turns: 6228, Time: 00:46:38

Health: 0/41       AC:  9    Str:  5    XL:     8   Next: 20%
Magic:  2/21       EV: 13    Int: 29    God:
Gold:   300        SH:  0    Dex: 15    Spells: 7/22 levels left

rFire    . . .     SeeInvis .   z - +0 whip (venom)
rCold    + . .     Faith    .   (no shield)
rNeg     . . .     Spirit   .   s - +1 robe {rC+}
rPois    .         Reflect  .   m - +0 helmet
rElec    .         Harm     .   D - +1 cloak
rCorr    .         Rampage  .   y - +1 pair of gloves
MR       .....                  x - +0 pair of boots
Stlth    ++........             r - amulet of regeneration
HPRegen  0.53/turn              A - +6 ring of intelligence
MPRegen  0.17/turn              (no ring)

@: sluggish, marked, lightly drained, very slow
A: no striking features
a: no special abilities


You were on level 7 of the Dungeon.
You visited 1 branch of the dungeon, and saw 7 of its levels.

You collected 300 gold pieces.

Inventory:

Hand Weapons
 b - a +0 dagger
 u - a +3 dagger
 z - a +0 whip of venom (weapon)
 E - a +3 quarterstaff of chaos
Missiles
 j - 78 arrows
Armour
 m - a +0 helmet (worn)
 s - a +1 robe of cold resistance (worn)
 x - a +0 pair of boots (worn)
 y - a +1 pair of gloves (worn)
 D - a +1 cloak (worn)
Jewellery
 r - an amulet of regeneration (around neck)
 A - a +6 ring of intelligence (left hand)
Wands
 F - a wand of random effects (6)
 H - a wand of flame (12)
Scrolls
 c - 2 scrolls of blinking
 d - 6 scrolls of remove curse
 f - a scroll of fog
 i - 4 scrolls of amnesia
 k - a scroll of noise {unknown}
 n - a scroll of magic mapping {unknown}
 p - a scroll of enchant weapon {unknown}
 q - a scroll of random uselessness {unknown}
 v - a scroll of fear {unknown}
 C - a scroll of enchant armour {unknown}
 J - 2 scrolls of teleportation {unknown}
Potions
 a - 2 potions of heal wounds
 e - 3 potions of might
 g - a potion of haste
 h - 3 potions of curing
 l - a potion of ambrosia
 o - a potion of mutation {unknown}
 t - a potion of berserk rage {unknown}
 w - a potion of lignification {unknown}
 B - a potion of magic {unknown}
 G - a potion of flight {unknown}
 I - 2 potions of cancellation {unknown}


   Skills:
 + Level 2.8(2.4) Dodging
 + Level 3.0(2.6) Stealth
 + Level 7.9(7.5) Spellcasting
 * Level 4.9(4.5) Conjurations
 + Level 6.6(6.2) Air Magic
 * Level 2.4(2.0) Evocations


You had 7 spell levels left.
You knew the following spells:

 Your Spells              Type           Power        Failure   Level
a - Shock                 Conj/Air       ####         1%          1
b - Swiftness             Air            #####...     1%          2
c - Static Discharge      Conj/Air       #####...     1%          3
d - Airstrike             Air            #####.....   3%          4
e - Lightning Bolt        Conj/Air       #####.....   14%         5

Your spell library contained the following spells:

 Spells                   Type           Power        Failure   Level
 Leda's Liquefaction      Hex/Erth       ##........   43%         4
 Bolt of Magma            Conj/Fire/Erth ###.......   58%         5
 Iron Shot                Conj/Erth      ###.......   96%         6
 Statue Form              Tmut/Erth      ##.......    100%        6
 Shatter                  Erth           ##........   100%        9


Dungeon Overview and Level Annotations

Branches:
Dungeon (7/15)
 Temple: D:4-7

Altars:
Cheibriados
Fedhas
Nemelex Xobeh
Qazlal
Ru
Trog
Uskayaw
Vehumet
Wu Jian
Yredelemnul
Zin
The Shining One

Shops:
D:5 :

Annotations:
D:7 Harold


Message History

Confirm with . or Enter, or press ? or * to list all spells.
Press: ? - help, Shift-Dir - straight line, p - Harold The zap hits Harold.
Harold is heavily wounded.
The zap hits Harold.
Harold is severely wounded.
The wight barely misses you.
Harold hits you with a cursed +0 dire flail!
Casting: Shock (safe; 1% risk of failure)
Confirm with . or Enter, or press ? or * to list all spells.
Press: ? - help, Shift-Dir - straight line The zap hits Harold.
Harold is severely wounded.
The zap hits Harold.
Harold is severely wounded.
A wight comes into view.
It is wielding a +2 falchion of electrocution.
The wight hits you with a cursed +0 great sword!
* * * LOW HITPOINT WARNING * * *
You feel drained.
You die...

... #. #.. ##. ##..
.. ..##... .. .....
#z ###.. #Z #..
##z## ##.
#..@###############(
#...@........[......
#...################
#####


You could see Harold, 2 wights and a centaur warrior skeleton.

Vanquished Creatures
  An ogre (D:6)
  2 bullfrogs (D:6)
  A scorpion (D:5)
  3 wights (D:6)
  3 howler monkeys (D:7)
  A centaur zombie (D:6)
  A jelly (D:5)
  A hound (D:5)
  An orc priest (D:6)
  A gnoll shaman (D:4)
  2 bullfrog skeletons
  An iron imp (D:6)
  Crazy Yiuf (D:5)
  Jessica (D:2)
  An orc wizard (D:6)
  Ijyb (D:5)
  5 worker ants
  A killer bee zombie (D:6)
  5 gnolls (D:4)
  4 adders
  A white imp (D:6)
  2 ufetubi
  An adder skeleton (D:4)
  5 worms
  3 leopard geckos
  10 orcs
  6 giant cockroaches
  17 goblins
  5 hobgoblins
  9 jackals
  6 kobolds
  7 quokkas
  A ball python (D:3)
  A ball python zombie (D:5)
  6 bats
  4 frilled lizards
  3 leopard gecko skeletons
  A quokka skeleton (D:4)
  5 rats
130 creatures vanquished.

Notes
Turn   | Place    | Note
-------+----------+-------------------------------------------
     0 | D:1      | jiml777 the Deep Elf Air Elementalist began the quest for
                  | the Orb.
     0 | D:1      | Reached XP level 1. HP: 10/10 MP: 6/6
     6 | D:1      | Noticed a water moccasin
     6 | D:1      | Noticed a worker ant
     6 | D:1      | Noticed a five-headed hydra
     7 | D:1      | Noticed a snapping turtle
   242 | D:1      | Reached XP level 2. HP: 10/15 MP: 5/8
  1201 | D:2      | Reached XP level 3. HP: 19/19 MP: 6/10
  1479 | D:2      | Found an ornate altar of the Wu Jian Council.
  1479 | D:2      | Found a faded altar of an unknown god.
  1503 | D:2      | Found a blossoming altar of Fedhas.
  1505 | D:2      | Found a faded altar of an unknown god.
  1507 | D:2      | Found a stormy altar of Qazlal.
  1595 | D:2      | Noticed Jessica
  1618 | D:2      | Learned a level 2 spell: Swiftness
  1620 | D:2      | Killed Jessica
  1620 | D:2      | Reached skill level 4 in Spellcasting
  1792 | D:3      | Learned a level 3 spell: Static Discharge
  1798 | D:3      | Reached XP level 4. HP: 24/24 MP: 9/12
  1857 | D:3      | Found a faded altar of an unknown god.
  2538 | D:4      | Reached skill level 5 in Spellcasting
  2538 | D:4      | Reached XP level 5. HP: 25/28 MP: 1/14
  3161 | D:4      | Reached XP level 6. HP: 32/32 MP: 12/16
  3167 | D:4      | Learned a level 4 spell: Airstrike
  3173 | D:4      | Learned a level 5 spell: Lightning Bolt
  3488 | D:4      | Found a basalt altar of Yredelemnul.
  3492 | D:4      | Found a radiant altar of Vehumet.
  3497 | D:4      | Found a glowing golden altar of the Shining One.
  3635 | D:5      | Entered Level 5 of the Dungeon
  3641 | D:5      | Found Pibigel's Book Boutique.
  3724 | D:5      | Found a bloodstained altar of Trog.
  3912 | D:5      | Found a runed translucent door.
  3913 | D:5      | Noticed Crazy Yiuf
  3919 | D:5      | Killed Crazy Yiuf
  3919 | D:5      | Reached skill level 6 in Spellcasting
  3979 | D:5      | Found a sparkling altar of Nemelex Xobeh.
  4305 | D:5      | Found a glowing silver altar of Zin.
  4390 | D:5      | Found a hide-covered altar of Uskayaw.
  4400 | D:5      | Reached skill level 1 in Evocations
  4576 | D:5      | Noticed Ijyb
  4578 | D:5      | Killed Ijyb
  4578 | D:5      | Reached XP level 7. HP: 36/36 MP: 10/19
  4654 | D:5      | Found a sacrificial altar of Ru.
  4856 | D:6      | Reached skill level 5 in Air Magic
  5086 | D:6      | Reached skill level 7 in Spellcasting
  5565 | D:6      | Found a snail-covered altar of Cheibriados.
  6001 | D:6      | Reached XP level 8. HP: 38/41 MP: 8/21
  6189 | D:7      | Noticed Harold
  6228 | D:7      | Slain by a wight

Illustrated notes

Levels and vault maps discovered:
D:1:      onia_arrival_zoo_common, layout_rooms
D:2:      layout_loops_ring, chequers_temple_overflow_minitemple, uniq_jessica
D:3:      layout_basic, chequers_ecumenical_altar_twisty
D:4:      layout_basic, minmay_overflow_temple_star_quad
D:5:      layout_cave_pools, nemelex_xobeh_ov_fountains_minmay, zin_scriptorium,
          nicolae_ru_the_path_less_chosen, eat_drink_and_be_merry_uskayaw,
          lemuel_doored_altar, serial_shops, shop, uniq_ijyb,
          uniq_crazy_yiuf_cottage
D:6:      layout_loops_cross, slow_altar_2, nicolae_lava_and_water,
          minmay_ogre_servants
D:7:      layout_loops_ring, minmay_temple_entry_sparse_star,
          chequers_mini_garden, minmay_liquid_box, uniq_harold

Skill      XL: |  1  2  3  4  5  6  7 |
---------------+----------------------+-----
Spellcasting   | 4 5 6 7 |  7.9
Conjurations   | 2 3 4 |  4.9
Air Magic      | 4 6 |  6.6
Evocations     | 1 2 |  2.4
Stealth        | 3 |  3.0
Dodging        | |  2.8

Action                   |  1- 3 |  4- 6 |  7- 9 || total
-------------------------+-------+-------+-------++-------
Melee: Unarmed           |     2 |       |       ||     2
       Whip              |       |     2 |       ||     2
 Cast: Shock             |    67 |    97 |    33 ||   197
       Airstrike         |       |    14 |    32 ||    46
       Swiftness         |       |       |     1 ||     1
Evoke: Wand              |       |     3 |       ||     3
  Use: Scroll            |     4 |     2 |     4 ||    10
       Potion            |       |     1 |     1 ||     2
 Stab: Sleeping          |       |     1 |       ||     1
Armor: Robe              |     5 |    11 |     5 ||    21
Dodge: Dodged            |    13 |    26 |    10 ||    49

Table legend: (Time is in decaauts)
 A = Elapsed time spent in this place.
 B = Non-inter-level travel time spent in this place.
 C = Inter-level travel time spent in this place.
 D = Time resting spent in this place.
 E = Time spent auto-exploring this place.
 F = Levels seen in this place.
 G = Mean time per level.
                   A        B        C        D        E       F      G
               +--------+--------+--------+--------+--------+-----+--------+
         Total |   6221 |   6137 |     84 |   1803 |   2959 |   7 |  888.7 |
       Dungeon |   6221 |   6137 |     84 |   1803 |   2959 |   7 |  888.7 |
               +--------+--------+--------+--------+--------+-----+--------+

Top non-repeatable levels by time:
     D:6: 1372 daAuts
     D:4: 1271 daAuts
     D:5: 1138 daAuts
     D:2: 1011 daAuts
     D:3: 683 daAuts
     D:1: 665 daAuts
     D:7: 78 daAuts
